AoeStats
← Cristoram

Four Lakes

509753670Analyzed
1v1 RM · 4d ago on Sep 27, 2026· 17m 6s· 2 players
Game mode
Random Map
Map size
Tiny (2 player)
Population
200
Speed
Normal
Resources
Standard
Victory
Conquest
Starting age
Dark Age
Ending age
Imperial Age
RankedLock teamsTeams togetherTeam positionsShared explorationLock speedFull tech treeHidden civsTurbo modeCheats
Victory
Defeat
🇨🇴 Poles · Colombia
1606
+17
🇦🇷 Mongols · Argentina
1618
-17
Cristoram
6:51 Loom
9:33 Feudal Age
10:05 Double-Bit Axe
13:06 Fishing Lines
14:40 Forging
16:24 Horse Collar
Edux_
7:28 Loom
9:14 Feudal Age
11:05 Double-Bit Axe
Connection lost

Rejoining the realm…

Still unreachable

The connection could not be restored.

Session expired

The server has moved on; the page needs a fresh start.